 Dungeon Sprint DCSS version 0.26-a0-682-g294304f6e8 (webtiles) character file.

Game seed: 218417777867633296

2186 mhtbhm the Blocker (level 9, -1/89 HPs)
             Began as a Minotaur Fighter on Oct 20, 2020.
             Was a High Priest of Okawaru.
             Slain by a black mamba (9 damage)
             ... in the Dungeon (Sprint IX: "|||||||||||||||||||||||||||||").
             The game lasted 00:01:41 (828 turns).

mhtbhm the Blocker (Minotaur Fighter)                Turns: 828, Time: 00:01:41

Health: -1/89      AC: 21    Str: 23    XL:     9   Next: 11%
Magic:  8/8        EV:  7    Int:  5    God:    Okawaru [*****.]
Gold:   8          SH: 13    Dex: 11    Spells: 8/8 levels left

rFire    . . .     SeeInvis .   a - +2 scimitar (venom)
rCold    . . .     Faith    .   c - +0 kite shield
rNeg     . . .     Spirit   .   b - +0 plate armour
rPois    .         Reflect  .   (helmet restricted)
rElec    .         Harm     .   (no cloak)
rCorr    .         Rampage  .   o - +0 pair of gloves
MR       .....     NoTele   +   (no boots)
Stlth    ..........             (no amulet)
HPRegen  0.24/turn              p - +2 ring of protection
MPRegen  0.11/turn              q - +2 ring of protection

@: very slightly contaminated, invisible
A: retaliatory headbutt, horns 2
a: Heroism, Finesse, Renounce Religion


You were in the Dungeon.
You worshipped Okawaru.
Okawaru was extremely pleased with you.
You visited 1 branch You collected 8 gold pieces.

Inventory:

Hand Weapons
 a - a +2 scimitar of venom (weapon)
Missiles
 t - 7 poisoned darts (quivered)
Armour
 b - a +0 plate armour (worn)
 c - a +0 kite shield (worn)
 o - a +0 pair of gloves (worn)
Jewellery
 p - a +2 ring of protection (left hand)
 q - a +2 ring of protection (right hand)
Wands
 n - a wand of iceblast (6)
Scrolls
 j - 3 scrolls of blinking
 l - 4 scrolls of remove curse
 m - 2 scrolls of amnesia
 u - 2 scrolls of enchant armour
 v - a scroll of fear
Potions
 d - 2 potions of might
 e - 6 potions of curing
 f - 4 potions of heal wounds
 g - a potion of haste
 h - 4 potions of magic
 i - 2 potions of stabbing
 r - a potion of mutation
Miscellaneous
 s - a phantom mirror


   Skills:
 + Level 11.4 Fighting
 + Level 12.1 Long Blades
 + Level 12.7 Armour
 + Level 0.8 Dodging
 + Level 13.7 Shields
 + Level 0.8 Evocations


You had 8 spell levels left.
You didn't know any spells.
Your spell library was empty.

Dungeon Overview and Level Annotations

Branches:
Dungeon (1/1)

Altars:
Cheibriados
Dithmenos
Elyvilon
Fedhas
Gozag
Hepliaklqana
Kikubaaqudgha
Makhleb
Nemelex Xobeh
Okawaru
Qazlal
Ru
Sif Muna
Trog
Uskayaw
Vehumet
Wu Jian
Xom
Yredelemnul
Zin
The Shining One
Beogh
Jiyva
Lugonu


Innate Abilities, Weirdness & Mutations

You reflexively headbutt those who attack you in melee.
You have a pair of horns on your head.


Message History

Okawaru will now gift you equipment as you gain piety.
Your Fighting skill increases to level 11!
Your Long Blades skill increases to level 12!
Your Armour skill increases to level 12!
You have reached level 9!
Your experience leads to an increase in your attributes!
Increase (S)trength, (I)ntelligence, or (D)exterity?
You feel stronger.
There is an open door here.
You catch the helpless black mamba completely off-guard!
You slash the black mamba! Your headbutt misses the black mamba.
The black mamba is severely wounded.
The black mamba bites you but does no damage.
You block the black mamba's attack.
You hit the black mamba.
The black mamba is poisoned.
You headbutt the black mamba, but do no damage.
The black mamba is severely wounded.
The black mamba bites you but does no damage.
The black mamba bites you!
You die...

▓▓▓▓▓▓▓▓▓▓▓▓▓▓▓▓▓▓▓▓▓▓▓▓
______'.....†.....†...<▓
▓▓▓▓▓▓▓▓▓▓▓▓▓▓▓▓▓▓▓▓▓▓▓▓
.......................▓
▓▓▓▓▓▓▓▓▓▓▓▓▓▓▓▓▓▓▓▓▓▓.▓
S'..........FSSS@......▓
▓▓▓▓▓▓▓▓▓▓▓▓▓▓▓▓▓▓▓▓▓▓▓▓


You could see 2 black mambas, a water moccasin and a bullfrog.

Vanquished Creatures
  A hydra (D)
  A death knight (D)
  A cane toad (D)
  A basilisk (D)
  A soldier ant (D)
  2 bullfrogs (D)
  A killer bee (D)
  2 howler monkeys (D)
  An orc wizard (D)
  2 worker ants (D)
  3 adders (D)
  A shadow imp (D)
  2 adder zombies (D)
  A dart slug (D)
  A bat zombie (D)
  A bat (D)
  A frilled lizard (D)
  2 rats (D)
25 creatures vanquished.

Notes
Turn   | Place    | Note
-------+----------+-------------------------------------------
     0 | D        | mhtbhm the Minotaur Fighter began the quest for the Orb.
     0 | D        | Reached XP level 1. HP: 19/19 MP: 0/0
     6 | D        | Reached skill level 4 in Shields
   120 | D        | Noticed a howler monkey
   125 | D        | Reached XP level 2. HP: 23/28 MP: 1/1
   127 | D        | Reached skill level 5 in Fighting
   127 | D        | Reached skill level 5 in Armour
   127 | D        | Reached skill level 5 in Shields
   134 | D        | Killed a howler monkey
   134 | D        | Reached skill level 6 in Shields
   134 | D        | Reached XP level 3. HP: 17/37 MP: 2/2
   138 | D        | Reached XP level 4. HP: 12/44 MP: 3/3
   146 | D        | Found a roughly hewn altar of Beogh.
   146 | D        | Found a snail-covered altar of Cheibriados.
   146 | D        | Found a shadowy altar of Dithmenos.
   146 | D        | Found a white marble altar of Elyvilon.
   146 | D        | Found a blossoming altar of Fedhas.
   146 | D        | Found an opulent altar of Gozag.
   147 | D        | Found a hazy altar of Hepliaklqana.
   148 | D        | Found a viscous altar of Jiyva.
   149 | D        | Found an ancient bone altar of Kikubaaqudgha.
   150 | D        | Found a corrupted altar of Lugonu.
   151 | D        | Found a burning altar of Makhleb.
   152 | D        | Found a sparkling altar of Nemelex Xobeh.
   153 | D        | Found an iron altar of Okawaru.
   154 | D        | Found a stormy altar of Qazlal.
   155 | D        | Found a sacrificial altar of Ru.
   156 | D        | Found a shimmering blue altar of Sif Muna.
   157 | D        | Found a bloodstained altar of Trog.
   158 | D        | Found a hide-covered altar of Uskayaw.
   159 | D        | Found a radiant altar of Vehumet.
   160 | D        | Found an ornate altar of the Wu Jian Council.
   161 | D        | Found a shimmering altar of Xom.
   162 | D        | Found a basalt altar of Yredelemnul.
   163 | D        | Found a glowing silver altar of Zin.
   164 | D        | Found a glowing golden altar of the Shining One.
   171 | D        | Became a worshipper of Warmaster Okawaru
   408 | D        | Reached skill level 5 in Long Blades
   408 | D        | Reached skill level 7 in Shields
   412 | D        | Reached XP level 5. HP: 51/51 MP: 4/4
   426 | D        | Reached skill level 8 in Shields
   487 | D        | Noticed a death knight
   487 | D        | Noticed a soldier ant
   494 | D        | Killed a soldier ant
   494 | D        | Reached * piety under Okawaru
   494 | D        | Reached skill level 9 in Shields
   494 | D        | Reached XP level 6. HP: 62/62 MP: 5/5
   501 | D        | Killed a death knight
   501 | D        | Reached ** piety under Okawaru
   501 | D        | Reached *** piety under Okawaru
   501 | D        | Reached skill level 10 in Fighting
   501 | D        | Reached skill level 10 in Long Blades
   501 | D        | Reached skill level 12 in Shields
   501 | D        | Reached XP level 7. HP: 53/72 MP: 6/6
   502 | D        | Reached XP level 8. HP: 56/79 MP: 7/7
   779 | D        | Noticed a black mamba
   779 | D        | Noticed a black mamba
   779 | D        | Noticed a cane toad
   787 | D        | Killed a cane toad
   787 | D        | Reached **** piety under Okawaru
   794 | D        | Noticed a six-headed hydra
   794 | D        | Reached skill level 13 in Shields
   814 | D        | HP: 4/81 [12-headed hydra (9)]
   822 | D        | Killed a 12-headed hydra
   822 | D        | Reached ***** piety under Okawaru
   822 | D        | Reached XP level 9. HP: 7/89 MP: 8/8
   828 | D        | Slain by a black mamba

Illustrated notes

Levels and vault maps discovered:
D:        linesprint [early_d, line_temple, items_1, d_10, items_2, lair_1,
          lair_end, items_3, orc_1, orc_end, items_4, d_15, swamp_1, shoals_1,
          snake_1, spider_1, d_20, vaults_1, items_5, swamp_end, shoals_end,
          snake_end, spider_end, vaults_end, d_27, items_6, zot_1, zot_end,
          crypt_end, forest_end, elf_end, slime_end, tomb_end, abyss_end,
          pan_hell_end]

Skill      XL: |  1  2  3  4  5  6  7  8 |
---------------+-------------------------+-----
Fighting       | 4 5 6 8 10 11 | 11.4
Armour         | 4 6 7 9 11 12 | 12.7
Shields        | 4 6 7 9 12 13 | 13.7
Long Blades    | 3 4 5 7 10 12 | 12.1
Dodging        | |  0.8
Evocations     | |  0.8

Action                   |  1- 3 |  4- 6 |  7- 9 || total
-------------------------+-------+-------+-------++-------
Melee: Long sword        |    28 |     1 |       ||    29
       Headbutt          |     3 |     6 |     9 ||    18
       Scimitar          |       |    36 |    30 ||    66
Evoke: Wand              |       |       |     4 ||     4
  Use: Potion            |       |     1 |     2 ||     3
       Scroll            |       |       |     1 ||     1
 Stab: Invisible         |       |       |     1 ||     1
Armor: Scale mail        |    13 |     1 |       ||    14
       Plate armour      |       |    22 |    45 ||    67
Dodge: Dodged            |     6 |     2 |    15 ||    23
Block: Kite shield       |     8 |    17 |    21 ||    46
       Rpst.: Long sword |     2 |       |       ||     2
       Scimitar          |       |       |     1 ||     1

Table legend: (Time is in decaauts)
 A = Elapsed time spent in this place.
 B = Non-inter-level travel time spent in this place.
 C = Inter-level travel time spent in this place.
 D = Time resting spent in this place.
 E = Time spent auto-exploring this place.
 F = Levels seen in this place.
 G = Mean time per level.
                   A        B        C        D        E       F      G
               +--------+--------+--------+--------+--------+-----+--------+
         Total |    845 |    845 |      0 |    383 |    194 |   1 |  845.0 |
       Dungeon |    845 |    845 |      0 |    383 |    194 |   1 |  845.0 |
               +--------+--------+--------+--------+--------+-----+--------+

Top non-repeatable levels by time:
       D: 845 daAuts
